 Dungeon Crawl Stone Soup version 0.18-a0-824-g47fe746 (webtiles) character file.

9331 kak the Tainter (level 11, -27/54 HPs)
             Began as a Gargoyle Venom Mage on Dec 16, 2015.
             Was a Priest of Vehumet.
             Killed from afar by a white ugly thing (57 damage)
             ... with an exploding inner flame
             ... hexed by the player character
             ... on level 12 of the Dungeon on Dec 17, 2015.
             The game lasted 04:28:57 (9736 turns).

kak the Tainter (Gargoyle Venom Mage)               Turns: 9736, Time: 04:28:57

Health: -27/54     AC: 13    Str: 14    XL:     11   Next: 44%
Magic:  3/33       EV: 13    Int: 26    God:    Vehumet [***...]
Gold:   382        SH:  0    Dex: 10    Spells: 8 memorised, 5 levels left

rFire  . . .     SeeInvis .     C - +7 trident of the Other Side {pierce, rF- MP+9 Str+2 Int+2}
rCold  . . .     Gourm    .     q - +2 robe {MR+}
rNeg   + + .     Faith    .     (no shield)
rPois  ∞         Spirit   .     p - +0 helmet
rElec  +         Dismiss  .     (no cloak)
rCorr  .         Reflect  .     (no gloves)
SustAt .         Harm     .     w - +0 pair of boots
MR     +....                    T - amulet of Qath {+Rage rF+ rN+}
Stlth  +++.......               D - ring of wizardry
                                d - +5 ring of intelligence

@: very slightly contaminated, somewhat resistant to hostile enchantments,
fairly stealthy
A: negative energy resistance 1, electricity resistance, unbreathing,
petrification resistance, rot immunity, AC +7
a: Renounce Religion, Evoke Berserk Rage


You were on level 12 of the Dungeon.
You worshipped Vehumet.
Vehumet was most pleased with you.
You were not hungry.

You visited 2 branches of the dungeon, and saw 12 of its levels.
You also visited: Labyrinth.

You collected 382 gold pieces.

Inventory:

Hand Weapons
 y - a +1 whip of electrocution
 C - the +7 trident of the Other Side (weapon) {pierce, rF- MP+9 Str+2 Int+2}
   (You found it on level 5 of the Dungeon)

   It inflicts extra damage upon your enemies.
   It affects your strength (+2).
   It affects your intelligence (+2).
   It makes you vulnerable to fire.
   It affects your magic capacity (+9).
 H - a +0 vampiric trident
 W - a +3 shortbow of evasion
Missiles
 A - 7 tomahawks of dispersal
 K - a throwing net (quivered)
 N - 9 tomahawks
 X - 10 arrows of flame
Armour
 p - a +0 helmet (worn)
 q - a +2 robe of magic resistance (worn)
 w - a +0 pair of boots (worn)
 L - a +2 robe of magic resistance
 V - the +2 plate armour of the Harvest {rC+ rN+ MR- Slay+3}
   (You found it in a labyrinth)

   It affects your accuracy and damage with ranged weapons and melee attacks
   (+3).
   It protects you from cold.
   It protects you from negative energy.
   It affects your resistance to hostile enchantments.
Magical Staves
 I - an uncursed staff of wizardry
Jewellery
 d - a +5 ring of intelligence (left hand)
 g - an uncursed amulet of regeneration
 B - a +6 ring of protection {unknown}
 D - a ring of wizardry (right hand)
 E - an uncursed ring of sustain attributes {unknown}
 M - a +2 ring of protection {unknown}
 T - the amulet of Qath (around neck) {+Rage rF+ rN+}
   (You found it in a labyrinth)

   [amulet of rage]

   It protects you from fire.
   It protects you from negative energy.
   It lets you go berserk.
Wands
 a - a wand of random effects (30)
 t - a wand of slowing (0)
 v - a wand of fireball (5)
 x - a wand of flame (15)
 F - a wand of lightning (7)
 R - a wand of confusion (19)
 S - a wand of teleportation (4)
Scrolls
 n - 2 scrolls of fear
 r - 2 scrolls of magic mapping
 s - 3 scrolls of fog
 u - 2 scrolls of teleportation
 z - 5 scrolls of identify
 J - a scroll of random uselessness {unknown}
 O - 5 scrolls of remove curse
 Y - 2 scrolls of immolation
 Z - 2 scrolls of amnesia {unknown}
Potions
 e - 5 potions of curing
 i - 3 potions of magic
 j - 2 potions of lignification {unknown}
 k - a potion of agility {unknown}
 l - 3 potions of heal wounds
 m - a potion of resistance {unknown}
 G - a potion of mutation {unknown}
Books
 b - a Young Poisoner's Handbook

   Spells                             Type                      Level
   a - Sting                          Conjuration/Poison           1
   b - Cure Poison                    Poison                       2
   c - Mephitic Cloud                 Conjuration/Poison/Air       3
   d - Olgreb's Toxic Radiance        Poison                       4
   e - Venom Bolt                     Conjuration/Poison           5
 h - a book of Fire

   Spells                             Type                      Level
   a - Ignite Poison                  Fire/Transmutation/Poison    3
   b - Fireball                       Conjuration/Fire             5
   c - Bolt of Fire                   Conjuration/Fire             6
   d - Delayed Fireball               Conjuration/Fire             7
   e - Ring of Flames                 Charms/Fire                  7
 o - a book of Envenomations

   Spells                             Type                      Level
   a - Spider Form                    Transmutation/Poison         3
   b - Alistair's Intoxication        Transmutation/Poison         4
   c - Olgreb's Toxic Radiance        Poison                       4
   d - Poisonous Cloud                Conjuration/Poison/Air       6
 P - a book of Debilitation

   Spells                             Type                      Level
   a - Corona                         Hexes                        1
   b - Slow                           Hexes                        2
   c - Gell's Gravitas                Hexes/Translocation          3
   d - Inner Flame                    Hexes/Fire                   3
   e - Cause Fear                     Hexes                        4
   f - Leda's Liquefaction            Hexes/Earth                  4
 Q - a book of Callings

   Spells                             Type                      Level
   a - Summon Small Mammal            Summoning                    1
   b - Call Imp                       Summoning                    2
   c - Call Canine Familiar           Summoning                    3
   d - Summon Guardian Golem          Hexes/Summoning              3
   e - Summon Lightning Spire         Summoning/Air                4
   f - Summon Ice Beast               Ice/Summoning                4
 U - a Grand Grimoire

   Spells                             Type                      Level
   a - Monstrous Menagerie            Summoning                    6
   b - Summon Greater Demon           Summoning                    7
   c - Malign Gateway                 Summoning/Translocation      7
   d - Summon Horrible Things         Summoning                    8
Comestibles
 c - 14 bread rations
 f - 6 meat rations


   Skills:
 - Level 4.0 Dodging
 - Level 5.3 Stealth
 - Level 9.0 Spellcasting
 - Level 9.0 Conjurations
 - Level 1.0 Summonings
 * Level 3.8 Fire Magic
 - Level 10.0 Poison Magic
 + Level 2.9 Evocations


You had 5 spell levels left.
You knew the following spells:

 Your Spells              Type           Power        Failure   Level  Hunger
a - Sting                 Conj/Pois      ####         1%          1    None
b - Mephitic Cloud        Conj/Pois/Air  #####...     1%          3    None
c - Olgreb's Toxic Radia  Pois           ######..     1%          4    #......
d - Venom Bolt            Conj/Pois      ######....   1%          5    ####...
e - Shock                 Conj/Air       ####         1%          1    None
f - Throw Flame           Conj/Fire      #####.       1%          2    None
g - Summon Lightning Spi  Summ/Air       ##......     21%         4    #......
h - Ignite Poison         Fire/Trmt/Pois #####...     1%          3    None


Dungeon Overview and Level Annotations

Branches:
Dungeon (12/15)            Temple (1/1) D:5
   Lair: D:8-11         Orc: D:9-12

Altars:
Ashenzari
Cheibriados
Dithmenos
Elyvilon
Fedhas
Gozag
Kikubaaqudgha
Makhleb
Nemelex Xobeh
Okawaru
Pakellas
Qazlal
Sif Muna
Trog
Vehumet
Xom
Yredelemnul
Zin
The Shining One

Shops:
D:7 [

Annotations:
D:3 Raultor's ghost, weakling DsFi


Innate Abilities, Weirdness & Mutations

You are resistant to torment.
Your stone body is resilient (AC +7).
You are immune to poison.
You resist negative energy.
You are resistant to electric shocks.
You can survive without breathing.
You are immune to petrification.
You are immune to rotting.


Message History

Press: ? - help, Shift-Dir - straight line, f/p - green ugly thing
Aim: a green ugly thing (severely wounded, inner flame)
The zap hits the green ugly thing.
The green ugly thing is almost dead.
The green ugly thing pecks you.
You barely miss the green ugly thing.
The green ugly thing is almost dead.
The green ugly thing basks in your mutagenic energy and changes!
You puncture the white ugly thing!
The white ugly thing is almost dead.
Casting: Shock
Confirm with . or Enter, or press ? or * to list all spells.
Aiming: Throw Flame
Press: ? - help, Shift-Dir - straight line, f/p - white ugly thing
Aim: a white ugly thing (almost dead, inner flame)
The puff of flame hits the white ugly thing.
The white ugly thing explodes!
The fiery explosion engulfs you!
Ouch! That really hurt!
You die...

#......#,,**,,*,,,,*,,
#......#,,**,,*,**,*,,
#......#,,**+**,,,,***
#....###,,**,,****,,,,
#≈...#,,,,,,,,,,,*,**,
#..#.#<,,,,,,,,,,+,**,
#...≈###########**,,,,
#≈.≈≈§§..).)<)§.,,,,,,
#..≈.@§§....§§..,,*,,,
#....§§##....##.,,,,,,
#.≈≈.≈........T.,,,,,,
################******


There were no monsters in sight!

Vanquished Creatures
  A minotaur (Lab)
  Erica (D:9)
  Pikel (D:4)
  A deep elf mage (D:9)
  A hill giant (D:11)
  A cyclops (D:11)
  A wolf spider simulacrum (D:11)
  A two-headed ogre (D:12)
  Sigmund (D:6)
  4 hippogriffs
  3 wolves (D:8)
  A steam dragon (D:11)
  Grum (D:8)
  Menkaure (D:5)
  Duvessa (D:7)
  6 ice beasts
  2 orc warriors
  A phantom (D:9)
  3 black bears
  7 ogres
  A slave (D:4)
  A crocodile (D:11)
  3 centaurs
  A big kobold (D:12)
  A gnoll sergeant (D:6)
  Blork the orc (D:4)
  3 giant frogs
  Dowan (D:7)
  A scorpion (D:4)
  6 wights
  An electric eel (D:11)
  10 killer bees
  A wasp zombie (D:9)
  4 crimson imps
  2 hounds (D:5)
  A centaur zombie (D:6)
  2 giant frog skeletons
  A centaur skeleton (D:4)
  A jelly (D:6)
  2 iguanas
  3 orc priests
  A gnoll shaman (D:4)
  10 orc wizards
  7 worker ants
  2 hound skeletons (D:5)
  12 gnolls
  5 adders
  2 shadow imps
  2 worms
  5 giant geckos
  31 orcs
  10 bats
  4 giant cockroaches
  3 hobgoblins
  5 quokkas
  A ball python (D:4)
  A giant cockroach zombie (D:6)
  2 giant gecko skeletons (D:4)
  A giant gecko zombie (D:2)
  6 giant newts
  4 goblins
  20 jackals
  14 kobolds
  A quokka zombie (D:6)
  5 rats (D:1)
240 creatures vanquished.

Vanquished Creatures (others)
  A big kobold (D:11)
  A hound skeleton (D:4)
  3 orcs (D:4)
  3 jackals (D:4)
8 creatures vanquished.

Grand Total: 248 creatures vanquished

Notes
Turn   | Place    | Note
--------------------------------------------------------------
     0 | D:1      | kak the Gargoyle Venom Mage began the quest for the Orb.
     0 | D:1      | Reached XP level 1. HP: 10/10 MP: 3/3
   459 | D:1      | Reached XP level 2. HP: 15/15 MP: 2/5
  1122 | D:2      | Reached XP level 3. HP: 10/19 MP: 1/7
  1194 | D:2      | Found a stormy altar of Qazlal.
  1218 | D:2      | Learned a level 3 spell: Mephitic Cloud
  1580 | D:2      | Found a deep blue altar of Sif Muna.
  1755 | D:2      | Reached XP level 4. HP: 24/24 MP: 5/9
  1770 | D:2      | Learned a level 4 spell: Olgreb's Toxic Radiance
  1843 | D:2      | Found a sparkling altar of Nemelex Xobeh.
  1862 | D:2      | Found an iron altar of Okawaru.
  2314 | D:3      | Noticed Raultor's ghost (weakling DsFi)
  2466 | D:4      | Reached XP level 5. HP: 19/28 MP: 0/12
  2592 | D:4      | Noticed Pikel
  2592 | D:4      | Noticed a slave
  2592 | D:4      | Noticed a slave
  2593 | D:4      | Noticed a slave
  2594 | D:4      | Noticed a slave
  2603 | D:4      | Killed a slave
  2628 | D:4      | Killed Pikel
  2628 | D:4      | Reached skill level 6 in Spellcasting
  2628 | D:4      | Reached XP level 6. HP: 18/32 MP: 0/15
  2628 | D:4      | Reached XP level 7. HP: 20/36 MP: 0/17
  2724 | D:4      | Upgraded the game from 0.18-a0-822-gb52b7b4 to 0.18-a0-824-g47fe746
  2790 | D:4      | Noticed Blork the orc
  2796 | D:4      | Reached skill level 7 in Spellcasting
  2807 | D:4      | Killed Blork the orc
  3450 | D:4      | Reached skill level 5 in Poison Magic
  3450 | D:4      | Reached XP level 8. HP: 41/41 MP: 6/18
  3544 | D:5      | Entered Level 5 of the Dungeon
  3561 | D:5      | Learned a level 5 spell: Venom Bolt
  3608 | D:5      | Found a staircase to the Ecumenical Temple.
  3614 | Temple   | Entered the Ecumenical Temple
  3821 | D:5      | Noticed Menkaure
  3830 | D:5      | Killed Menkaure
  4359 | D:5      | Found a bloodstained altar of Trog.
  4544 | D:5      | Found an opulent altar of Gozag.
  5040 | D:5      | Got a bloodstained trident
  5041 | D:5      | Identified the +7 trident of the Other Side {pierce, rF- MP+9 Str+2 Int+2} (You found it on level 5 of the Dungeon)
  5145 | D:5      | Found a glowing silver altar of Zin.
  5215 | Temple   | Became a worshipper of Vehumet
  5385 | D:6      | Noticed Sigmund
  5570 | D:6      | Killed Sigmund
  5570 | D:6      | Reached skill level 8 in Poison Magic
  5570 | D:6      | Reached XP level 9. HP: 35/45 MP: 0/19
  5579 | D:6      | Reached skill level 9 in Poison Magic
  5873 | D:6      | Found a bloodstained altar of Trog.
  6057 | D:7      | Reached * piety under Vehumet
  6057 | D:7      | Offered knowledge of Shock by Vehumet.
  6060 | D:7      | Learned a level 1 spell: Shock
  6113 | D:7      | Reached skill level 1 in Conjurations
  6277 | D:7      | Noticed Dowan
  6280 | D:7      | Noticed Duvessa
  6288 | D:7      | Killed Duvessa
  6293 | D:7      | Killed Dowan
  6511 | D:7      | Found a shadowy altar of Dithmenos.
  6967 | D:7      | Found Kigoh's Armour Boutique.
  7140 | D:8      | Noticed Grum
  7151 | D:8      | Reached XP level 10. HP: 50/50 MP: 22/22
  7152 | D:8      | Killed Grum
  7169 | D:8      | Reached skill level 5 in Stealth
  7233 | D:8      | Reached skill level 1 in Evocations
  7358 | D:8      | Reached ** piety under Vehumet
  7367 | D:8      | Offered knowledge of Throw Flame by Vehumet.
  7430 | D:8      | Learned a level 2 spell: Throw Flame
  7439 | D:8      | Found a glowing golden altar of the Shining One.
  7483 | D:8      | Found an ancient bone altar of Kikubaaqudgha.
  7614 | D:8      | Found a stormy altar of Qazlal.
  7616 | D:8      | Found a snail-covered altar of Cheibriados.
  7618 | D:8      | Found a basalt altar of Yredelemnul.
  7619 | D:8      | Found an oddly glowing altar of Pakellas.
  7738 | D:9      | Reached skill level 1 in Fire Magic
  8018 | D:9      | Noticed Erica
  8020 | D:9      | Offered knowledge of Inner Flame by Vehumet.
  8035 | D:9      | Killed Erica
  8035 | D:9      | Reached skill level 5 in Conjurations
  8188 | D:9      | Noticed a deep elf mage
  8260 | D:9      | Killed a deep elf mage
  8384 | D:9      | You fall through a shaft for 2 floors!
  8384 | D:11     | Found a shimmering altar of Xom.
  8384 | D:11     | Noticed a hill giant
  8384 | D:11     | Noticed a cyclops
  8390 | D:11     | Killed a cyclops
  8390 | D:11     | Reached *** piety under Vehumet
  8392 | D:11     | Killed a hill giant
  8392 | D:11     | Reached XP level 11. HP: 49/54 MP: 11/24
  8436 | D:11     | Noticed a six-headed hydra
  8458 | D:11     | Learned a level 4 spell: Summon Lightning Spire
  8566 | D:12     | Found a burning altar of Makhleb.
  8568 | D:12     | Noticed a cacodemon
  8577 | D:12     | Offered knowledge of Fulminant Prism by Vehumet.
  8621 | D:12     | Found a labyrinth entrance.
  8634 | Lab      | Entered a labyrinth
  9328 | Lab      | Noticed a minotaur
  9345 | Lab      | Killed a minotaur
  9345 | Lab      | Reached skill level 10 in Poison Magic
  9356 | Lab      | Got a transparent crystal amulet
  9357 | Lab      | Got a brightly glowing plate armour
  9368 | Lab      | Identified the +2 plate armour of the Harvest {rC+ rN+ MR- Slay+3} (You found it in a labyrinth)
  9368 | Lab      | Identified the amulet of Qath {+Rage rF+ rN+} (You found it in a labyrinth)
  9386 | Lab      | Learned a level 3 spell: Ignite Poison
  9662 | D:12     | Noticed a skeletal warrior
  9662 | D:12     | Noticed a skeletal warrior
  9662 | D:12     | Noticed a skeletal warrior
  9722 | D:12     | Reached skill level 1 in Summonings
  9736 | D:12     | Killed from afar by a white ugly thing

Vault maps used:
D:1:      ncdulo_watergridlock
D:2:      lemuel_round_altar, old_standard_altar, lemuel_coloured_pillars_altar,
          first_bread, hangedman_decor_points, hangedman_decor_growths,
          minmay_misc_feat_chi, corexii_shack, grunt_qazlal_clouds
D:3:      xom_butterflies, uniq_grinder
D:4:      minmay_misc_feat_roman, kennysheep_pointless_box,
          kennysheep_crisscross, st_stairs_9, uniq_pikel, uniq_blork_the_orc
D:5:      kennysheep_six_static_rooms, marbit_many_paths, lemuel_doored_altar,
          minmay_temple_entry_butterflies,
          nicolae_gozag_cash_rules_everything_around_me, uniq_menkaure
D:6:      st_stairs_6, trog_ov_bears_minmay, uniq_sigmund
D:7:      grunt_dithmenos_smoke, serial_shops, shop,
          minmay_misc_feat_secret_circle, grunt_ogre_cave, uniq_duvessa
D:8:      lemuel_crystal_altar, overflow_temple_1_default, minitemple, uniq_grum
D:9:      kennysheep_little_box, uniq_erica
D:11:     orc_0_dummy, minmay_statues_item, minmay_misc_feat_rows,
          xom_confusion_cloud
D:12:     serial_column_ruins, column_ruins_columns_straight,
          column_ruins_open_medium, column_ruins_columns_plus,
          column_ruins_grid_3, column_ruins_open_tiny, column_ruins_open_small,
          lab_entry_generic, makhleb_altar_promises_db
Temple:   circular_temple_6
Lab:      labyrinth_spiral, lab_fountain, labyrinth_skeletal_remains

Action                   |  1- 3 |  4- 6 |  7- 9 | 10-12 || total
-------------------------+-------+-------+-------+-------++-------
Melee: Unarmed           |    31 |       |       |       ||    31
       Whip              |    43 |    26 |    68 |       ||   137
       Trident           |       |       |    82 |   113 ||   195
Throw: Throwing net      |       |       |     2 |       ||     2
 Cast: Sting             |    73 |    23 |    59 |    37 ||   192
       Olgreb's Toxic Ra |       |     7 |    27 |    22 ||    56
       Mephitic Cloud    |       |     3 |    29 |    34 ||    66
       Venom Bolt        |       |       |    11 |     8 ||    19
       Shock             |       |       |    10 |    25 ||    35
       Throw Flame       |       |       |       |     4 ||     4
       Ignite Poison     |       |       |       |     4 ||     4
       Summon Lightning  |       |       |       |     3 ||     3
Evoke: Wand              |       |       |     5 |     2 ||     7
  Use: Scroll            |       |     4 |     8 |     6 ||    18
       Potion            |       |       |     6 |     5 ||    11
 Stab: Confused          |       |       |     3 |     1 ||     4
       Sleeping          |       |       |     1 |     1 ||     2
  Eat: Chunk             |     2 |     4 |     5 |     3 ||    14
       Beef jerky        |       |       |     5 |     4 ||     9
       Meat ration       |       |       |     2 |     1 ||     3
